 Dungeon Crawl Stone Soup version 0.19.1-1-g22dce08 (webtiles) character file.

7277 OrDronus the Slinger (level 10, -4/90 HPs)
             Began as a Minotaur Fighter on Jan 15, 2017.
             Was a Priest of the Shining One.
             Slain by an orc knight
             ... wielding a +0 bardiche
              (17 damage)
             ... in a bailey on Jan 18, 2017.
             The game lasted 00:45:53 (9572 turns).

OrDronus the Slinger (Minotaur Fighter)             Turns: 9572, Time: 00:45:55

Health: -4/90      AC: 16    Str: 25    XL:     10   Next: 89%
Magic:  9/9        EV: 15    Int:  7    God:    the Shining One [***...]
Gold:   604        SH: 13    Dex: 14    Spells: 0 memorised, 9 levels left

rFire  . . .     SeeInvis .     G - +7 hunting sling "Teshro" {freeze, Fragile Str+5 Int+2}
rCold  . . .     Gourm    .     H - +4 ring mail
rNeg   + . .     Faith    .     c - +1 shield
rPois  .         Spirit   .     (helmet restricted)
rElec  .         Reflect  .     l - +0 cloak
rCorr  .         Harm     .     D - +0 pair of gloves
MR     +....                    V - +2 pair of boots
Stlth  +.........               (no amulet)
                                O - +3 ring of evasion
                                M - ring of protection from magic

@: glowing
A: retaliatory headbutt, horns 2
a: Divine Shield, Renounce Religion


You were in a bailey.
You worshipped the Shining One.
The Shining One was most pleased with you.
You were not hungry.

You visited 2 branches of the dungeon, and saw 11 of its levels.
You also visited: Bailey.

You collected 604 gold pieces.

Inventory:

Hand Weapons
 g - a +3 flail of protection
 m - a +2 mace of crushing
 s - a +0 hunting sling of velocity
 G - the +7 hunting sling "Teshro" (weapon) {freeze, Fragile Str+5 Int+2}
   (You found it on level 4 of the Dungeon)

   It causes projectiles fired from it to freeze those they strike, causing
   extra injury to most foes and up to half again as much damage against
   particularly susceptible opponents.
   They can also slow down cold-blooded creatures.
   It affects your strength (+5).
   It affects your intelligence (+2).
   It will be destroyed if unequipped.
 J - a +2 dire flail of protection
Missiles
 U - 25 sling bullets (quivered)
Armour
 c - a +1 shield (worn)
 l - a +0 cloak (worn)
 p - a +2 hat
 D - a +0 pair of gloves (worn)
 H - a +4 ring mail (worn)
 V - a +2 pair of boots (worn)
Jewellery
 a - a +3 ring of intelligence
 C - an uncursed ring of fire
 I - an uncursed ring of magical power
 M - a ring of protection from magic (left hand)
 O - a +3 ring of evasion (right hand)
Wands
 b - a wand of confusion (17/48)
 L - a wand of lightning (8/15)
 N - a wand of heal wounds (4/9)
Scrolls
 h - 6 scrolls of remove curse
 k - 12 scrolls of identify
 n - 2 scrolls of enchant weapon
 o - 4 scrolls of random uselessness
 u - a scroll of enchant armour
 w - a scroll of noise
 B - 2 scrolls of recharging
 Q - a scroll of teleportation
Potions
 d - 5 potions of might
 e - 2 potions of haste {unknown}
 i - 4 potions of ambrosia {unknown}
 q - 2 potions of lignification {unknown}
 r - 6 potions of curing {unknown}
 t - a potion of heal wounds {unknown}
 v - a potion of mutation
 E - 2 potions of brilliance {unknown}
 F - a potion of degeneration {unknown}
 R - a potion of resistance {unknown}
 S - a potion of magic {unknown}
Books
 y - a book of Minor Magic

   Spells                             Type                      Level
   a - Magic Dart                     Conjuration                  1
   b - Blink                          Translocation                2
   c - Call Imp                       Summoning                    2
   d - Repel Missiles                 Charms/Air                   2
   e - Slow                           Hexes                        2
   f - Conjure Flame                  Conjuration/Fire             3
   g - Mephitic Cloud                 Conjuration/Poison/Air       3
 P - a Young Poisoner's Handbook

   Spells                             Type                      Level
   a - Sting                          Conjuration/Poison           1
   b - Mephitic Cloud                 Conjuration/Poison/Air       3
   c - Olgreb's Toxic Radiance        Poison                       4
   d - Alistair's Intoxication        Transmutation/Poison         5
   e - Venom Bolt                     Conjuration/Poison           5
   The Shining One disapproves of the use of such an item.
 T - a book of Debilitation

   Spells                             Type                      Level
   a - Corona                         Hexes                        1
   b - Slow                           Hexes                        2
   c - Gell's Gravitas                Hexes/Translocation          3
   d - Inner Flame                    Hexes/Fire                   3
   e - Cause Fear                     Hexes                        4
   f - Leda's Liquefaction            Hexes/Earth                  4
 Y - a book of Misfortune

   Spells                             Type                      Level
   a - Confusing Touch                Hexes                        1
   b - Confuse                        Hexes                        3
   c - Gell's Gravitas                Hexes/Translocation          3
   d - Petrify                        Transmutation/Earth          4
   e - Metabolic Englaciation         Hexes/Ice                    5
   f - Yara's Violent Unravelling     Hexes/Transmutation          5
Comestibles
 f - 10 bread rations
 j - 9 chunks of flesh
 x - 9 slices of pizza
 z - 4 beef jerkies
 A - 3 meat rations
 K - 7 fruits


   Skills:
 + Level 8.6 Fighting
 + Level 9.5 Maces & Flails
 + Level 10.0 Slings
 + Level 8.0 Armour
 + Level 4.8 Dodging
 + Level 8.5 Shields


You had 9 spell levels left.
You didn't know any spells.

Dungeon Overview and Level Annotations

Branches:
Dungeon (10/15)            Temple (1/1) D:4             Orc (0/2) D:9
   Lair: D:8-11

Altars:
Ashenzari
Dithmenos
Elyvilon
Fedhas
Gozag
Hepliaklqana
Kikubaaqudgha
Makhleb
Nemelex Xobeh
Okawaru
Ru
Sif Muna
Trog
Uskayaw
Vehumet
Xom
Zin
The Shining One
Beogh

Shops:
D:8 [


Innate Abilities, Weirdness & Mutations

You reflexively headbutt those who attack you in melee.
You have a pair of horns on your head.


Message History

The sling bullet freezes the orc knight.
The orc knight is severely wounded.
The orc knight hits you from afar with a bardiche!!
* * * LOW HITPOINT WARNING * * *
Firing (i - inventory):
U - 27 sling bullets (quivered)
Press: ? - help, Shift-Dir - straight line, f/p - orc knight
Aim: an orc knight, wielding a bardiche and wearing a ring mail (severely wounded, haloed)
You shoot a sling bullet.
The sling bullet hits the orc knight but does no damage.
The orc knight is severely wounded.
Firing (i - inventory):
U - 26 sling bullets (quivered)
Press: ? - help, Shift-Dir - straight line, f/p - orc knight
Aim: an orc knight, wielding a bardiche and wearing a ring mail (severely wounded, haloed)
You shoot a sling bullet. The orc shouts!
The sling bullet hits the orc knight!
The sling bullet freezes the orc knight.
The orc knight is almost dead.
The orc knight hits you from afar with a bardiche!
You die...

##.........## ####∩#
##..≈≈≈≈≈≈≈..#######..∩##
#..≈≈.....≈≈...##...####
..≈≈..###.)≈).##.########
.≈≈.)## ##.))##.........#
≈≈).## #######≈≈≈≈≈≈≈.#
...## #####..≈.# ####
##+#### ########.≈.#
.##.........##.$@$.##.≈.#
#o..≈≈≈≈≈≈≈..##...##.o≈.#
#o.§≈.....§§..##o##..≈≈.#
..≈≈...⌠.oo§§..#'#..≈≈.∩#
..≈≈..⌠⌠⌠oo≈§..#(#..≈≈.##
#..§§....o≈§.§##.##..≈≈.#
#§.≈≈≈≈≈≈≈..'#...##..≈.#
#§..o.....##..(..##.≈.#
###'###'#############.≈.#


You could see an orc knight and an orc.

Vanquished Creatures
  Erica (D:8)
  A hill giant (D:10)
  An ugly thing (D:9)
  Psyche (D:8)
  Prince Ribbit (D:8)
  A hippogriff (D:9)
  4 hogs (D:7)
  A human (D:7)
  Edmund (D:4)
  3 water moccasins
  A sky beast (D:5)
  A black bear (D:8)
  6 orc warriors
  2 phantoms
  An ogre (D:7)
  2 centaurs
  3 big kobolds
  Blork the orc (D:5)
  4 bullfrogs
  A gnoll sergeant (D:6)
  A wyvern zombie (D:8)
  2 water moccasin zombies
  A scorpion (D:5)
  9 killer bees (D:8)
  4 howler monkeys
  An oklob sapling (D:10)
  3 crimson imps
  A bullfrog zombie (D:8)
  3 hounds
  A centaur skeleton (D:7)
  7 orc priests
  A bullfrog skeleton (D:5)
  3 iguanas
  13 orc wizards
  5 worker ants
  A worker ant zombie (D:9)
  3 gnolls (D:7)
  A howler monkey skeleton (D:5)
  17 adders
  3 shadow imps
  An ooze (D:2)
  An adder skeleton (D:4)
  A worm (D:3)
  2 dart slugs
  5 leopard geckos
  50 orcs
  7 giant cockroaches
  11 hobgoblins
  7 jackals
  A quokka (D:3)
  8 ball pythons
  8 bats
  4 frilled lizards
  15 goblins
  A jackal zombie (D:7)
  15 kobolds
  A quokka skeleton (D:5)
  7 rats
262 creatures vanquished.

Vanquished Creatures (others)
  2 plants (D:10)
2 creatures vanquished.

Grand Total: 264 creatures vanquished

Notes
Turn   | Place    | Note
-------+----------+-------------------------------------------
     0 | D:1      | OrDronus the Minotaur Fighter began the quest for the Orb.
     0 | D:1      | Reached XP level 1. HP: 19/19 MP: 0/0
   133 | D:1      | Reached XP level 2. HP: 15/27 MP: 1/1
   664 | D:1      | Reached XP level 3. HP: 29/33 MP: 2/2
  1292 | D:3      | Reached XP level 4. HP: 40/40 MP: 3/3
  1390 | D:3      | Found a faded altar of an unknown god.
  1619 | D:3      | Found a shimmering altar of Xom.
  1619 | D:3      | Found an ancient bone altar of Kikubaaqudgha.
  1678 | D:3      | Found a hazy altar of Hepliaklqana.
  1678 | D:3      | Found a faded altar of an unknown god.
  1702 | D:3      | Reached skill level 1 in Dodging
  1716 | D:3      | Found a faded altar of an unknown god.
  1718 | D:3      | Found a faded altar of an unknown god.
  1720 | D:3      | Found a faded altar of an unknown god.
  1799 | D:4      | Reached XP level 5. HP: 47/47 MP: 4/4
  1918 | D:4      | Found a sacrificial altar of Ru.
  1998 | D:4      | Got a translucent hunting sling
  2069 | D:4      | Reached skill level 5 in Armour
  2269 | D:4      | Reached XP level 6. HP: 24/53 MP: 5/5
  2729 | D:4      | Noticed Edmund
  2743 | D:4      | Reached skill level 5 in Fighting
  2743 | D:4      | Reached skill level 5 in Maces & Flails
  2743 | D:4      | Reached skill level 5 in Shields
  2747 | D:4      | Killed Edmund
  2747 | D:4      | Reached XP level 7. HP: 39/61 MP: 6/6
  3119 | D:4      | Found a staircase to the Ecumenical Temple.
  3126 | Temple   | Entered the Ecumenical Temple
  3185 | Temple   | Became a worshipper of the Shining One
  3228 | D:5      | Entered Level 5 of the Dungeon
  3440 | D:5      | Noticed Blork the orc
  3450 | D:5      | Killed Blork the orc
  3918 | D:5      | Reached * piety under the Shining One
  4057 | D:5      | Reached XP level 8. HP: 59/69 MP: 7/7
  4308 | D:6      | Found a glowing golden altar of the Shining One.
  5275 | D:7      | Found a shimmering altar of Xom.
  6085 | D:7      | Identified the +7 hunting sling "Teshro" {freeze, Fragile Str+5 Int+2} (You found it on level 4 of the Dungeon)
  6343 | D:7      | Reached XP level 9. HP: 78/78 MP: 8/8
  6345 | D:7      | Reached skill level 1 in Slings
  6350 | D:7      | Reached skill level 2 in Slings
  6538 | D:8      | Noticed Psyche
  6547 | D:8      | Killed Psyche
  6547 | D:8      | Reached skill level 3 in Slings
  7019 | D:8      | Found Faessel's Armour Shop.
  7134 | D:8      | Reached skill level 4 in Slings
  7197 | D:8      | Reached skill level 5 in Slings
  7202 | D:8      | Reached ** piety under the Shining One
  7263 | D:8      | Noticed Erica
  7280 | D:8      | Killed Erica
  7280 | D:8      | Reached skill level 6 in Slings
  7280 | D:8      | Reached XP level 10. HP: 73/86 MP: 9/9
  7329 | D:8      | Reached skill level 7 in Slings
  7666 | D:8      | Noticed Prince Ribbit
  7690 | D:8      | Killed Prince Ribbit
  7690 | D:8      | Reached skill level 8 in Slings
  8099 | D:9      | Found an opulent altar of Gozag.
  8178 | D:9      | Noticed a brown ugly thing
  8203 | D:9      | Killed a brown ugly thing
  8459 | D:9      | Reached skill level 9 in Slings
  8460 | D:9      | Found a staircase to the Orcish Mines.
  8488 | D:9      | Found a roughly hewn altar of Beogh.
  8942 | D:9      | Reached *** piety under the Shining One
  8979 | D:10     | Entered Level 10 of the Dungeon
  9128 | D:10     | Noticed a hill giant
  9134 | D:10     | Killed a hill giant
  9224 | D:10     | Found a blossoming altar of Fedhas.
  9234 | D:10     | Reached skill level 10 in Slings
  9339 | D:10     | Found a flagged portal.
  9349 | Bailey   | Entered a bailey
  9414 | Bailey   | Noticed an orc knight
  9572 | Bailey   | Slain by an orc knight

Skill      XL: |  1  2  3  4  5  6  7  8  9 10 |
---------------+-------------------------------+-----
Armour         | 4 5 6 7 8 |  8.0
Fighting       | 4 5 6 7 8 |  8.6
Maces & Flails | 3 4 5 6 8 9 |  9.5
Shields        | 4 5 7 8 |  8.5
Dodging        | 1 2 3 4 |  4.8
Slings         | 6 10 | 10.0

Action                   |  1- 3 |  4- 6 |  7- 9 | 10-12 || total
-------------------------+-------+-------+-------+-------++-------
Melee: Flail             |   129 |   126 |   189 |       ||   444
       Headbutt          |    13 |    19 |    25 |       ||    57
 Fire: Hunting sling     |       |       |    90 |   223 ||   313
  Use: Scroll            |       |       |       |    13 ||    13
  Eat: Chunk             |     1 |     5 |    15 |     6 ||    27
Armor: Scale mail        |    50 |    51 |    37 |       ||   138
       Ring mail         |       |       |    36 |    27 ||    63
Dodge: Dodged            |    40 |    20 |    73 |    52 ||   185
Block: Shield            |    65 |    41 |   106 |    79 ||   291
